 Dungeon Crawl Stone Soup version 0.27.0-1-g7a089689b8 (webtiles) character file.

Game seed: 8267130172375459763

107 SnakkuSnakku7 the Skirmisher (level 4, 0/28 HPs)
             Began as a Vampire Hedge Wizard on Aug 13, 2021.
             Slain by Grinder (7 damage)
             ... on level 4 of the Dungeon.
             The game lasted 00:04:03 (3038 turns).

SnakkuSnakku7 the Skirmisher (Vampire Hedge Wizard) Turns: 3038, Time: 00:04:04

Health: 0/28       AC:  6    Str: 10    XL:     4   Next: 56%
Magic:  8/8        EV:  8    Int: 16    God:
Gold:   202        SH:  0    Dex: 13    Spells: 8/9 levels left

rFire    . . .     SeeInvis +   s - +0 quarterstaff
rCold    + + .     Faith    .   (shield currently unavailable)
rNeg     + + +     Spirit   .   n - +0 scale mail
rPois    ∞         Reflect  .   c - +0 hat
rElec    .         Harm     .   (no cloak)
rCorr    .         Rampage  .   (no gloves)
Will     +....                  (no boots)
Stlth    +++.......             m - amulet of magic regeneration
HPRegen  0.00/turn              k - ring of willpower
MPRegen  0.36/turn              (no ring)

@: bloodless, inhibited regen
A: bloodless, fangs 3, see invisible, vampiric 2
a: Bat Form, Revivify


You were on level 4 of the Dungeon.
You visited 1 branch of the dungeon, and saw 4 of its levels.

You collected 202 gold pieces.

Inventory:

Hand Weapons
 a - a +0 spear
 f - a +0 short sword
 r - a +0 dagger
 s - a +0 quarterstaff (weapon)
Armour
 b - a +0 robe
 c - a +0 hat (worn)
 n - a +0 scale mail (worn)
Jewellery
 k - a ring of willpower (left hand)
 m - an amulet of magic regeneration (around neck)
Scrolls
 e - a scroll of amnesia {unknown}
 g - 2 scrolls of identify {unknown}
 h - a scroll of blinking {unknown}
 p - a scroll of immolation {unknown}
 q - a scroll of fear {unknown}
 t - a scroll of enchant weapon {unknown}
Potions
 d - a potion of might {unknown}
 j - 2 potions of mutation {unknown}
 l - a potion of attraction {unknown}
 o - a potion of brilliance {unknown}


   Skills:
 - Level 3.5 Fighting
 - Level 1.0(1.1) Polearms
 + Level 0.3(0.7) Staves
 - Level 2.1 Dodging
 - Level 3.0 Stealth
 - Level 3.0 Spellcasting
 - Level 0.6 Conjurations
 - Level 1.0 Summonings
 - Level 0.7 Translocations


You had 8 spell levels left.
You knew the following spells:

 Your Spells              Type           Power      Damage    Failure   Level
a - Magic Dart            Conj           16%        1d3       71%         1

Your spell library contained the following spells:

 Spells                   Type           Power      Damage    Failure   Level
 Corona                   Hex            2%         N/A       80%         1
 Call Imp                 Summ           5%         N/A       80%         2
 Blink                    Tloc           N/A        N/A       83%         2
 Ensorcelled Hibernation  Hex/Ice        4%         N/A       90%         2
 Slow                     Hex            2%         N/A       90%         2
 Conjure Flame            Conj/Fire      3%         6-21      98%         3
 Mephitic Cloud           Conj/Pois/Air  3%         N/A       98%         3
 Tukima's Dance           Hex            2%         N/A       99%         3


Dungeon Overview and Level Annotations

Branches:
Dungeon (4/15)
 Temple: D:4-7

Altars:
Dithmenos
Sif Muna

Annotations:
D:3 Sigmund
D:4 Grinder


Innate Abilities, Weirdness & Mutations

You do not regenerate when monsters are visible.
You are frail without blood (-20% HP).
You can heal yourself when you bite living creatures.
You are immune to poison.
You have razor-sharp teeth.
You have supernaturally acute eyesight. (SInv)
You are afflicted with vampirism and can become a bat while bloodless.


Message History

Grinder hits you.
You are too injured to fight recklessly!
You are too injured to fight recklessly!
You are too injured to fight recklessly!
You are too injured to fight recklessly!
You closely miss Grinder.
Grinder is moderately wounded.
Grinder gestures at you. You resist with almost no effort.
You hit Grinder.
Grinder is heavily wounded.
Grinder hits you!
* * * LOW HITPOINT WARNING * * *
You barely miss Grinder.
Grinder is heavily wounded.
Grinder barely misses you.
Grinder says, "There's only one good use for a tongue: cutting it out."
Grinder hits you but does no damage.
You feel much better. Grinder gestures at you.
You resist with almost no effort.
You barely miss Grinder. Your bite misses Grinder.
Grinder is heavily wounded.
Grinder hits you!
You hit Grinder.
Grinder is heavily wounded.
Grinder closely misses you.
You closely miss Grinder.
Grinder is heavily wounded.
Grinder closely misses you. Grinder hits you.
You sock Grinder!
Grinder is severely wounded.
Grinder blinks!
You closely miss the scorpion. The scorpion stings you.
Grinder blinks!
You hit the scorpion but do no damage. The scorpion stings you. x2
* * * LOW HITPOINT WARNING * * *
You barely miss Grinder.
Grinder is severely wounded.
Grinder hits you!
You die...

# .#
##..#########..#
....§.s@5......#
.....####......#
### #.#.####
#.#.# #.#.#
##.#.#
#....###### #.
#.........#
#.##....####.#


You could see Grinder and a scorpion.

Vanquished Creatures
  2 adders (D:2)
  2 worms
  2 dart slugs
  3 orcs (D:3)
  5 ball pythons
  8 bats
  3 endoplasms
  7 goblins
  10 hobgoblins
  10 jackals
  3 quokkas (D:2)
  3 frilled lizards (D:1)
  A jackal skeleton (D:4)
  5 kobolds
  6 rats
70 creatures vanquished.

Notes
Turn   | Place    | Note
-------+----------+-------------------------------------------
     0 | D:1      | SnakkuSnakku7 the Vampire Hedge Wizard began the quest for
                  | the Orb.
     0 | D:1      | Reached XP level 1. HP: 13/13 MP: 4/4
   120 | D:1      | Reached skill level 1 in Fighting
   243 | D:1      | Reached XP level 2. HP: 7/21 MP: 6/6
  1028 | D:2      | Gained mutation: You are afflicted with vampirism and can
                  | become a bat while bloodless. [Vampire growth]
  1028 | D:2      | Reached XP level 3. HP: 28/28 MP: 7/7
  1385 | D:2      | Found a faded altar of an unknown god.
  1500 | D:2      | Reached XP level 4. HP: 16/35 MP: 8/8
  1736 | D:3      | Found a shadowy altar of Dithmenos.
  2467 | D:3      | Reached skill level 1 in Polearms
  2638 | D:3      | Noticed Sigmund
  2715 | D:4      | Noticed a scorpion
  2719 | D:4      | Found a shimmering blue altar of Sif Muna.
  2728 | D:4      | Noticed Grinder
  2730 | D:4      | Paralysed by Grinder for 3 turns
  3038 | D:4      | Slain by Grinder

Illustrated notes

Levels and vault maps discovered:
D:1:      nagdon_arrival_double_spiral, layout_loops_ring, minmay_pentomino_v2
D:2:      layout_basic, hellmonk_ecumenical_altar_inner_sanctum, corner_web_ring
D:3:      layout_loops_corners, mainiacjoe_overflow_small_starburst,
          uniq_sigmund
D:4:      layout_loops_ring, makhleb_altar_promises_db,
          mainiacjoe_overflow_catwalk, kennysheep_generic_room_5, uniq_edmund,
          uniq_grinder, uniq_natasha, uniq_menkaure

Skill      XL: |  1  2  3  4 |
---------------+-------------+-----
Fighting       | 1 2 3 |  3.5
Polearms       | 1 |  1.0
Staves         | |  0.3
Dodging        | |  2.1
Stealth        | |  3.0
Spellcasting   | |  3.0
Conjurations   | |  0.6
Summonings     | |  1.0
Translocations | |  0.7

Action                   |  1- 3 |  4- 6 || total
-------------------------+-------+-------++-------
Melee: Dagger            |    48 |       ||    48
       Bite              |    15 |    12 ||    27
       Short sword       |   124 |    45 ||   169
       Spear             |       |    55 ||    55
       Quarterstaff      |       |    36 ||    36
 Abil: Exsanguinate      |       |     1 ||     1
  Use: Scroll            |       |     2 ||     2
       Potion            |       |     2 ||     2
 Stab: Sleeping          |     6 |       ||     6
Armor: Robe              |    18 |       ||    18
       Scale mail        |    10 |    58 ||    68
Dodge: Dodged            |   111 |    75 ||   186
